 Dungeon Crawl Stone Soup version 0.20.0-10-g0535bb4 (webtiles) character file.

6364 Monsterracer the Basher (level 10, -44/114 HPs)
             Began as a Demonspawn Artificer on June 7, 2017.
             Was an Elder of Okawaru.
             Annihilated by a titanic slime creature (94 damage)
             ... on level 9 of the Dungeon.
             The game lasted 00:35:12 (11354 turns).

Monsterracer the Basher (Demonspawn Artificer)     Turns: 11354, Time: 00:35:13

Health: -44/114    AC: 15    Str: 20    XL:     10   Next: 65%
Magic:  15/15      EV: 23    Int: 12    God:    Okawaru [****..]
Gold:   281        SH: 12    Dex: 20    Spells: 9/9 levels left

rFire    . . .     SeeInvis +   M - +0 morningstar
rCold    . . .     Gourm    .   i - +0 shield (curse)
rNeg     + + .     Faith    .   C - +0 ring mail of Card Tricks {rN++ MR+ SInv Stlth-}
rPois    +         Spirit   .   (no helmet)
rElec    .         Reflect  .   K - +0 cloak
rCorr    +         Harm     .   t - +2 pair of gloves
MR       +....                  a - +2 pair of boots
Stlth    ..........             E - amulet of rage
Regen    0.3/turn               u - ring of poison resistance
MPRegen  0.2/turn               k - ring of resist corrosion

@: agile, berserking (expiring), heroism, very quick
A: claws 2, talons 2, powered by death 1, powered by pain 1
a: Heroism, Renounce Religion, Evoke Berserk Rage


You were on level 9 of the Dungeon.
You worshipped Okawaru.
Okawaru was greatly pleased with you.
You were near starving.

You visited 2 branches of the dungeon, and saw 10 of its levels.
You also visited: Ossuary.

You collected 506 gold pieces.
You spent 225 gold pieces at shops.

Inventory:

Hand Weapons
 M - a +0 morningstar (weapon)
Missiles
 q - 2 throwing nets (quivered)
Armour
 a - a +2 pair of boots (worn)
 i - a cursed +0 shield (worn)
 t - a +2 pair of gloves (worn)
 C - the +0 ring mail of Card Tricks (worn) {rN++ MR+ SInv Stlth-}
   (You bought it in a shop on level 6 of the Dungeon)

   It greatly protects you from negative energy.
   It affects your resistance to hostile enchantments.
   It lets you see invisible.
   It makes you less stealthy.
 K - a +0 cloak (worn)
Jewellery
 k - a ring of resist corrosion (right hand)
 s - an uncursed ring of see invisible
 u - a ring of poison resistance (left hand)
 E - an amulet of rage (around neck)
Wands
 c - a wand of flame (14/48)
 d - a wand of enslavement (12/24)
 e - a wand of random effects (7/48)
 m - a wand of digging (13/24)
 n - a wand of digging (13/24)
 p - a wand of random effects (17/48)
 r - a wand of acid (13/15)
 x - a wand of confusion (26/48)
 H - a wand of digging (6/24)
Scrolls
 g - a scroll of fog
 h - 5 scrolls of teleportation
 v - 8 scrolls of identify
 w - 4 scrolls of fear
 y - 4 scrolls of remove curse
 B - a scroll of enchant weapon
 J - a scroll of amnesia
 L - a scroll of enchant armour
Potions
 o - a potion of brilliance
 z - a potion of berserk rage
 A - a potion of ambrosia
 D - 5 potions of heal wounds
 F - 2 potions of curing
 G - a potion of invisibility
Books
 I - a book of Callings

   Spells                             Type                      Level
   a - Summon Small Mammal            Summoning                    1
   b - Call Imp                       Summoning                    2
   c - Call Canine Familiar           Summoning                    3
   d - Summon Guardian Golem          Hexes/Summoning              3
   e - Summon Lightning Spire         Summoning/Air                4
   f - Summon Ice Beast               Ice/Summoning                4
Comestibles
 b - 8 royal jellies
 f - 2 bread rations
 j - 8 fruits
 l - 3 meat rations


   Skills:
 + Level 6.1(11.1) Fighting
   Level 0.8(5.8) Short Blades
 * Level 9.2(14.2) Maces & Flails
 + Level 5.1(10.1) Armour
 + Level 5.8(10.8) Dodging
 - Level 0.8(5.8) Stealth
 + Level 4.2(9.2) Shields
 + Level 6.9 Invocations
 - Level 3.0 Evocations


You had 9 spell levels left.
You didn't know any spells.

Dungeon Overview and Level Annotations

Branches:
Dungeon (9/15)             Temple (1/1) D:4
   Lair: D:8-11         Orc: D:9-12

Altars:
Ashenzari
Cheibriados
Dithmenos
Elyvilon
Fedhas
Gozag
Hepliaklqana
Kikubaaqudgha
Makhleb
Nemelex Xobeh
Okawaru
Qazlal
Ru
Sif Muna
Trog
Uskayaw
Vehumet
Xom
Yredelemnul
Zin
The Shining One

Shops:
D:6 [

Annotations:
D:5 1 runed door


Innate Abilities, Weirdness & Mutations

You have very sharp fingernails.
You have razor-sharp toenails.
You regenerate a little health from kills.
You sometimes gain a little power by taking damage.


Message History

The titanic slime creature is severely wounded.
You are near starving!
You puncture the titanic slime creature!
The titanic slime creature is severely wounded.
The titanic slime creature completely misses you.
You bludgeon the titanic slime creature!!
The titanic slime creature is severely wounded.
You block the titanic slime creature's attack.
You impale the titanic slime creature!!
The titanic slime creature is almost dead.
You bludgeon the titanic slime creature!!
The titanic slime creature is almost dead.
The titanic slime creature barely misses you.
You hit the titanic slime creature.
The titanic slime creature is almost dead.
You completely miss the titanic slime creature.
The titanic slime creature is almost dead.
The titanic slime creature hits you!!!!
Ouch! That really hurt!
You die...

#.#J#####.#
#....%....#
####...#######
........)JoJ..#
........#####.#####.#
.##.##..............#
#. #.######.#######
.. #J# ####.# #.##@#
#....# #.##.# #.####
##. #.##.# #.# #...
#.##.###.# #..#
#.....##.# #..#
#..#.###.# #..#
#..### #.# #..###..#
#.# #..#....# #.#


You could see a titanic slime creature.

Vanquished Creatures
  A two-headed ogre (D:9)
  A queen bee (D:8)
  A hippogriff (D:8)
  A slime creature (D:9)
  5 yaks (D:9)
  2 hungry ghosts
  A sky beast (D:7)
  2 ice beasts
  An orc warrior (D:6)
  2 phantoms
  2 centaurs
  4 ogres
  2 big kobolds (D:4)
  7 elf zombies (Ossuary)
  4 bullfrogs
  A gnoll sergeant (D:8)
  3 scorpions
  13 killer bees (D:8)
  2 jellies
  2 human zombies (Ossuary)
  7 orc wizards
  5 hounds
  3 centaur zombies (Ossuary)
  3 orc priests
  Ijyb (D:4)
  4 iguanas
  Natasha (D:3)
  Terence (D:1)
  8 worker ants
  A killer bee zombie (D:7)
  2 hound skeletons
  A howler monkey skeleton (D:4)
  3 mummies (Ossuary)
  9 gnolls
  12 adders
  2 shadow imps
  2 oozes
  An adder skeleton (D:8)
  3 worms
  A dart slug (D:3)
  5 leopard geckos
  30 orcs
  7 bats
  9 giant cockroaches
  8 goblins
  8 hobgoblins
  5 jackals
  16 kobolds
  3 quokkas
  5 frilled lizards
  A jackal zombie (D:7)
  A leopard gecko skeleton (D:4)
  A leopard gecko zombie (D:6)
  2 quokka skeletons
  8 rats
236 creatures vanquished.

Vanquished Creatures (collateral kills)
  Natasha (D:3)
1 creature vanquished.

Vanquished Creatures (others)
  A gnoll (D:4)
1 creature vanquished.

Grand Total: 238 creatures vanquished

Notes
Turn   | Place    | Note
-------+----------+-------------------------------------------
     0 | D:1      | Monsterracer the Demonspawn Artificer began the quest for the Orb.
     0 | D:1      | Reached XP level 1. HP: 15/15 MP: 3/3
   437 | D:1      | Gained mutation: You have sharp fingernails. [demonic ancestry]
   437 | D:1      | Reached XP level 2. HP: 18/22 MP: 4/4
  1108 | D:2      | Reached skill level 1 in Maces & Flails
  1125 | D:2      | Found a white marble altar of Elyvilon.
  1157 | D:2      | Found a glowing silver altar of Zin.
  1313 | D:2      | Noticed Terence
  1352 | D:1      | Killed Terence
  1352 | D:1      | Reached skill level 2 in Maces & Flails
  1352 | D:1      | Gained mutation: You sometimes gain a little power by taking damage. [demonic ancestry]
  1352 | D:1      | Reached XP level 3. HP: 27/27 MP: 5/5
  1648 | D:3      | Gained mutation: You regenerate a little health from kills. [demonic ancestry]
  1648 | D:3      | Reached XP level 4. HP: 24/33 MP: 6/6
  1806 | D:3      | Reached skill level 3 in Maces & Flails
  2223 | D:3      | Reached XP level 5. HP: 31/38 MP: 7/7
  2367 | D:3      | Reached skill level 4 in Maces & Flails
  2436 | D:3      | Noticed Natasha
  2444 | D:3      | Killed Natasha
  2666 | D:3      | Found a shattered altar of Ashenzari.
  2904 | D:3      | Noticed Natasha
  2912 | D:3      | Killed Natasha
  3212 | D:4      | Reached skill level 5 in Maces & Flails
  3212 | D:4      | Gained mutation: You have very sharp fingernails. [demonic ancestry]
  3212 | D:4      | Reached XP level 6. HP: 4/44 MP: 3/8
  3491 | D:4      | Found a staircase to the Ecumenical Temple.
  3505 | Temple   | Entered the Ecumenical Temple
  3960 | D:4      | Reached skill level 1 in Armour
  4470 | D:4      | Gained mutation: You have sharp toenails. [demonic ancestry]
  4470 | D:4      | Reached XP level 7. HP: 52/52 MP: 9/9
  4890 | D:4      | Found a glowing golden altar of the Shining One.
  4897 | D:4      | Noticed an angel
  5172 | D:4      | Reached skill level 6 in Maces & Flails
  5225 | Temple   | Became a worshipper of Warmaster Okawaru
  5291 | D:4      | Found a basalt altar of Yredelemnul.
  5389 | D:5      | Entered Level 5 of the Dungeon
  5389 | D:5      | Noticed Ijyb
  5429 | D:4      | Killed Ijyb
  5784 | D:5      | Reached skill level 1 in Invocations
  5784 | D:5      | Reached XP level 8. HP: 24/60 MP: 10/10
  6227 | D:5      | Found a white marble altar of Elyvilon.
  6227 | D:5      | Found a runed door.
  6227 | D:5      | Noticed an angel
  6393 | D:5      | Found a shimmering altar of Xom.
  6569 | D:6      | Found an ancient bone altar of Kikubaaqudgha.
  6570 | D:6      | Found a sparkling altar of Nemelex Xobeh.
  6579 | D:6      | Found a sacrificial altar of Ru.
  6772 | D:6      | Reached * piety under Okawaru
  6774 | D:6      | Found Ciyhapn's Antique Armour Boutique.
  6782 | D:6      | Bought a transparent ring mail for 225 gold pieces
  6792 | D:6      | Identified the +0 ring mail of Card Tricks {rN++ MR+ SInv Stlth-} (You bought it in a shop on level 6 of the Dungeon)
  7058 | D:6      | Reached skill level 1 in Shields
  7304 | D:7      | Found a sand-covered staircase.
  7487 | Ossuary  | Entered an ossuary
  7534 | Ossuary  | Reached skill level 7 in Maces & Flails
  7823 | Ossuary  | Gained mutation: You have razor-sharp toenails. [demonic ancestry]
  7823 | Ossuary  | Reached XP level 9. HP: 44/66 MP: 11/11
  8029 | D:6      | Reached ** piety under Okawaru
  8438 | D:7      | Reached skill level 5 in Fighting
  9020 | D:7      | Found a radiant altar of Vehumet.
  9685 | D:8      | Reached skill level 5 in Invocations
  9687 | D:8      | Reached skill level 8 in Maces & Flails
  9814 | D:8      | Noticed a queen bee
  9825 | D:8      | Killed a queen bee
  9841 | D:8      | Reached skill level 5 in Dodging
  9886 | D:8      | Reached *** piety under Okawaru
  9907 | D:8      | Reached XP level 10. HP: 8/74 MP: 11/14
 10863 | D:9      | Noticed a two-headed ogre
 10878 | D:9      | Killed a two-headed ogre
 10944 | D:9      | Reached skill level 9 in Maces & Flails
 10948 | D:9      | Reached skill level 5 in Armour
 10961 | D:9      | Reached **** piety under Okawaru
 11354 | D:9      | Annihilated by a titanic slime creature

Skill      XL: |  1  2  3  4  5  6  7  8  9 10 |
---------------+-------------------------------+-----
Fighting       | 2 3 4 5 6 |  6.1
Maces & Flails | 2 3 5 6 7 8 9 |  9.2
Dodging        | 2 3 5 |  5.8
Armour         | 1 2 3 4 5 |  5.1
Invocations    | 1 3 5 6 |  6.9
Shields        | 2 3 4 |  4.2
Short Blades   | |  0.8
Stealth        | |  0.8
Evocations     | |  3.0

Action                   |  1- 3 |  4- 6 |  7- 9 | 10-12 || total
-------------------------+-------+-------+-------+-------++-------
Melee: Short sword       |    39 |       |       |       ||    39
       Whip              |    60 |       |       |       ||    60
       Mace              |    65 |   167 |       |       ||   232
       Flail             |       |   122 |   695 |    33 ||   850
       Punch             |       |       |     1 |       ||     1
       Morningstar       |       |       |       |   159 ||   159
Invok: Heroism           |       |       |    11 |     6 ||    17
 Abil: Evoke Berserk Rag |       |       |     7 |     5 ||    12
Evoke: Wand              |     2 |     2 |     8 |       ||    12
  Use: Potion            |       |     4 |     3 |       ||     7
       Scroll            |       |     7 |    12 |     2 ||    21
 Stab: Paralysed         |    10 |       |       |       ||    10
       Sleeping          |     1 |       |       |       ||     1
  Eat: Chunk             |     2 |     9 |    23 |    11 ||    45
       Fruit             |       |       |     2 |     3 ||     5
Armor: Leather armour    |    13 |       |       |       ||    13
       Ring mail         |    66 |   123 |   238 |    37 ||   464
       Skin              |       |    16 |       |       ||    16
Dodge: Dodged            |    92 |   169 |   360 |    84 ||   705
Block: Shield            |       |       |   179 |    63 ||   242
